 Dungeon Crawl Stone Soup version 0.19-a0-599-g723c685 (webtiles) character file.

285 Kidiri the Firebug (level 6, -2/32 HPs)
             Began as a Deep Elf Fire Elementalist on June 11, 2016.
             Slain by an iguana (10 damage)
             ... on level 4 of the Dungeon.
             The game lasted 00:24:51 (3723 turns).

Kidiri the Firebug (Deep Elf Fire Elementalist)     Turns: 3723, Time: 00:24:52

Health: -2/32      AC:  6    Str:  5    XL:     6   Next: 7%
Magic:  14/15      EV: 13    Int: 22    God:
Gold:   177        SH:  0    Dex: 15    Spells: 5 memorised, 2 levels left

rFire  . . .     SeeInvis .     p - +1 dagger
rCold  . . .     Gourm    .     a - +0 robe
rNeg   . . .     Faith    .     (no shield)
rPois  .         Spirit   .     k - +2 helmet
rElec  .         Dismiss  .     r - +0 cloak
rCorr  .         Reflect  .     (no gloves)
SustAt .         Harm     .     (no boots)
MR     .....                    o - amulet of rage
Stlth  +++.......               (no ring)
                                l - ring of stealth

@: not resistant to hostile enchantments, fairly stealthy
A: no striking features
a: Evoke Berserk Rage


You were on level 4 of the Dungeon.
You were not hungry.

You visited 1 branch of the dungeon, and saw 4 of its levels.

You collected 177 gold pieces.

Inventory:

Hand Weapons
 p - a +1 dagger (weapon)
Armour
 a - a +0 robe (worn)
 k - a +2 helmet (worn)
 r - a +0 cloak (worn)
Jewellery
 l - a ring of stealth (left hand)
 o - an amulet of rage (around neck)
Scrolls
 g - 2 scrolls of teleportation
Potions
 e - a potion of agility
 h - a potion of ambrosia
 i - a potion of heal wounds {unknown}
 j - 2 potions of cancellation {unknown}
 m - 3 potions of curing
 n - a potion of brilliance {unknown}
 q - 2 potions of might {unknown}
Books
 b - a book of Flames

   Spells                             Type                      Level
   a - Flame Tongue                   Conjuration/Fire             1
   b - Throw Flame                    Conjuration/Fire             2
   c - Conjure Flame                  Conjuration/Fire             3
   d - Inner Flame                    Hexes/Fire                   3
   e - Sticky Flame                   Conjuration/Fire             4
   f - Fireball                       Conjuration/Fire             5
Comestibles
 c - 2 bread rations
 d - 2 meat rations
 f - 2 chunks of flesh


   Skills:
 + Level 0.0 Fighting
 + Level 0.0 Short Blades
 + Level 0.0 Armour
 + Level 2.4 Dodging
 - Level 2.4 Stealth
 * Level 5.1 Spellcasting
 * Level 3.8 Conjurations
 * Level 5.3 Fire Magic


You had 2 spell levels left.
You knew the following spells:

 Your Spells              Type           Power        Failure   Level  Hunger
a - Flame Tongue          Conj/Fire      ####.        1%          1    None
b - Throw Flame           Conj/Fire      ####..       2%          2    None
c - Conjure Flame         Conj/Fire      ####....     6%          3    ##.....
d - Inner Flame           Hex/Fire       ###.....     12%         3    ##.....
e - Sticky Flame          Conj/Fire      ####....     17%         4    ####...


Dungeon Overview and Level Annotations

Branches:
Dungeon (4/15)
 Temple: D:4-7

Altars:
Nemelex Xobeh
Qazlal
Uskayaw


Message History

You hit the iguana but do no damage.
The iguana is moderately wounded.
The iguana bites you.
You hit the iguana.
The iguana is heavily wounded.
The iguana barely misses you.
You hit the iguana.
The iguana is severely wounded.
The iguana bites you!
* * * LOW HITPOINT WARNING * * *
Unknown command.
Casting: Flame Tongue
Confirm with . or Enter, or press ? or * to list all spells.
Aiming: Flame Tongue
Press: ? - help, Shift-Dir - straight line, f - iguana
Aim: an iguana (severely wounded)
The flame tongue hits the iguana.
The iguana appears unharmed.
The iguana is severely wounded.
The iguana bites you!
You die...

### ##########
##.## #.........
#@#.##
#.#######.
#l###.####.#####
#. ####.#
##(........# #.
##### ...#
##.##.###.# #.
#... ##..##
##.###.# #.# #.
##.####
##..###.##
#.###.###.
......#####
#..#.##
#.........
.#.##.....#
#.#.##
#####.###.
.#.##.###.#
#.### ###.###.


You could see an iguana.

Vanquished Creatures
  An ogre (D:4)
  A hound (D:4)
  Robin (D:2)
  4 gnolls (D:3)
  An adder (D:2)
  3 worms
  4 dart slugs
  6 giant geckos
  6 orcs (D:3)
  3 giant cockroaches
  20 goblins
  2 hobgoblins
  2 kobolds
  3 quokkas
  9 bats
  16 giant newts
  6 rats
88 creatures vanquished.

Notes
Turn   | Place    | Note
--------------------------------------------------------------
     0 | D:1      | Kidiri the Deep Elf Fire Elementalist began the quest for the Orb.
     0 | D:1      | Reached XP level 1. HP: 10/10 MP: 6/6
   160 | D:1      | Reached XP level 2. HP: 13/15 MP: 5/8
   500 | D:1      | Learned a level 2 spell: Throw Flame
  1034 | D:1      | Reached XP level 3. HP: 19/19 MP: 3/10
  1039 | D:1      | Learned a level 3 spell: Conjure Flame
  1043 | D:1      | Learned a level 3 spell: Inner Flame
  1502 | D:2      | Found a hide-covered altar of Uskayaw.
  1776 | D:2      | You fall through a shaft for 2 floors!
  1832 | D:2      | Found a stormy altar of Qazlal.
  1906 | D:2      | Reached XP level 4. HP: 24/24 MP: 6/11
  1908 | D:2      | Noticed Robin
  2080 | D:2      | Killed Robin
  2260 | D:2      | Found a sparkling altar of Nemelex Xobeh.
  3085 | D:3      | Reached XP level 5. HP: 28/28 MP: 1/13
  3208 | D:3      | Learned a level 4 spell: Sticky Flame
  3429 | D:4      | Reached skill level 5 in Fire Magic
  3556 | D:4      | Noticed an ogre
  3564 | D:4      | Killed an ogre
  3564 | D:4      | Reached skill level 5 in Spellcasting
  3564 | D:4      | Reached XP level 6. HP: 32/32 MP: 5/15
  3723 | D:4      | Slain by an iguana

Vault maps used:
D:1:      dpeg_arrival_round_a, minmay_lizard_king
D:2:      nicolae_overflow_crystal_walls, lemuel_doored_altar,
          old_standard_altar, uniq_robin
D:3:      supply_closet_lemuel
D:4:      minmay_temple_entry_enclosed_plants, nrook_loot_triangle,
          uniq_eustachio

Skill      XL: |  1  2  3  4  5 |
---------------+----------------+-----
Conjurations   | 2 3 |  3.8
Fire Magic     | 4 5 |  5.3
Spellcasting   | 4 5 |  5.1
Dodging        | |  2.4
Stealth        | |  2.4

Action                   |  1- 3 |  4- 6 || total
-------------------------+-------+-------++-------
Melee: Short sword       |     2 |       ||     2
       Dagger            |       |    11 ||    11
 Cast: Flame Tongue      |    53 |    47 ||   100
       Throw Flame       |    16 |    26 ||    42
       Conjure Flame     |     1 |     3 ||     4
       Inner Flame       |       |     2 ||     2
  Use: Scroll            |     5 |     4 ||     9
       Potion            |       |     1 ||     1
 Stab: Sleeping          |       |     1 ||     1
  Eat: Chunk             |     3 |     7 ||    10
Armor: Robe              |     2 |     4 ||     6
Dodge: Dodged            |     8 |    10 ||    18
